 Dungeon Crawl Stone Soup version 0.21.0 (webtiles) character file.

133 tidbits the Sneak (level 4, 2/18 HPs)
             Began as a Felid Earth Elementalist on Jan 6, 2018.
             Quit the game on level 5 of the Dungeon.
             The game lasted 00:05:48 (690 turns).

tidbits the Sneak (Felid Earth Elementalist)         Turns: 690, Time: 00:05:48

Health: 2/18       AC:  1    Str:  4 (5)  XL:     4   Next: 93%
Magic:  0/8        EV: 17    Int: 14 (16) God:
Gold:   61         SH:  0    Dex: 14 (16) Spells: 6/7 levels left
                                        Lives:  1   Deaths: 0

rFire    . . .     SeeInvis +     - Unarmed
rCold    . . .     Gourm    .   (shield unavailable)
rNeg     . . .     Faith    .   (armour unavailable)
rPois    .         Spirit   .   (helmet unavailable)
rElec    .         Reflect  .   (cloak unavailable)
rCorr    .         Harm     .   (gloves unavailable)
MR       .....                  (boots unavailable)
Stlth    +++.......             (no amulet)
HPRegen  0.06/turn              (no ring)
MPRegen  0.11/turn              (no ring)

@: quick
A: very small, no armour, no weapons or thrown items, stealth, claws 1, fangs 3,
see invisible, carnivore, speed 1, shaggy fur 1, slow metabolism 1, sharp paws
a: no special abilities


You were on level 5 of the Dungeon.
You were full.

You visited 1 branch of the dungeon, and saw 5 of its levels.

You collected 61 gold pieces.

Inventory:

Missiles
 b - 67 stones
 e - 24 arrows
Wands
 i - a wand of iceblast (7)
Scrolls
 f - a scroll of random uselessness {unknown}
 g - a scroll of fog {unknown}
 h - a scroll of identify {unknown}
 j - a scroll of enchant armour {unknown}
Potions
 a - a potion of degeneration
Books
 d - a book of Geomancy

   Spells                             Type                      Level
   a - Sandblast                      Earth                        1
   b - Passwall                       Transmutation/Earth          2
   c - Stone Arrow                    Conjuration/Earth            3
   d - Petrify                        Transmutation/Earth          4
   e - Lee's Rapid Deconstruction     Earth                        5
Comestibles
 c - a ration


   Skills:
 - Level 2.6 Dodging
 + Level 5.5 Stealth
 + Level 3.1 Unarmed Combat
 - Level 2.0 Spellcasting
   Level 1.1 Transmutations
 - Level 2.6 Earth Magic


You had 6 spell levels left.
You knew the following spells:

 Your Spells              Type           Power        Failure   Level  Hunger
a - Sandblast             Erth           #.....       8%          1    ##.....


Dungeon Overview and Level Annotations

Branches:
Dungeon (5/15)
 Temple: D:4-7

Altars:
Makhleb

Annotations:
D:4 Edmund


Innate Abilities, Weirdness & Mutations

You cannot wear armour.
You are incapable of wielding weapons or throwing items.
Your paws allow you to move quietly. (Stealth)
You have sharp claws.
You have razor-sharp teeth.
You have supernaturally acute eyesight. (SInv)
You are carnivorous and can eat meat at any time.
You cover ground quickly.
You are covered in fur. (AC +1)
You have a slow metabolism.
Your sharp claws are effective at attacking unaware monsters.


Message History

Aiming: Sandblast
Press: ? - help, Shift-Dir - straight line, f - hound zombie
Aim: a hound zombie The blast of sand hits the hound zombie.
The hound zombie is moderately damaged.
b - 75 stones
Casting: Sandblast
Confirm with . or Enter, or press ? or * to list all spells.
Aiming: Sandblast
Press: ? - help, Shift-Dir - straight line, f/p - hound zombie
Aim: a hound zombie (moderately damaged)
The blast of sand misses the hound zombie.
b - 74 stones The hound zombie barely misses you.
Casting: Sandblast
Confirm with . or Enter, or press ? or * to list all spells.
Aiming: Sandblast
Press: ? - help, Shift-Dir - straight line, f/p - hound zombie
Aim: a hound zombie (moderately damaged)
The blast of sand hits the hound zombie.
The hound zombie is moderately damaged.
b - 73 stones The hound zombie completely misses you.
The hound zombie bites you.
* * * LOW HITPOINT WARNING * * *
Casting: Sandblast
Confirm with . or Enter, or press ? or * to list all spells.
Aiming: Sandblast
Press: ? - help, Shift-Dir - straight line, f/p - hound zombie
Aim: a hound zombie (moderately damaged)
The blast of sand hits the hound zombie.
The hound zombie is severely damaged.
b - 72 stones The hound zombie misses you.
Casting: Sandblast
Confirm with . or Enter, or press ? or * to list all spells.
Aiming: Sandblast
Press: ? - help, Shift-Dir - straight line, f/p - hound zombie
Aim: a hound zombie (severely damaged)
The blast of sand hits the hound zombie.
The hound zombie is severely damaged.
b - 71 stones The hound zombie barely misses you.
Casting: Sandblast
Confirm with . or Enter, or press ? or * to list all spells.
You don't have enough magic to cast that spell.
You scratch the hound zombie.
The hound zombie is almost destroyed.
The hound zombie closely misses you. The hound zombie bites you.
* * * LOW HITPOINT WARNING * * *
You scratch the hound zombie.
The hound zombie is almost destroyed.
The hound zombie closely misses you.
You scratch the hound zombie.
You destroy the hound zombie!
The crimson imp blinks!
Found a stone staircase leading down. 2 orcs come into view.
An orc is wielding a whip of electrocution.
The orc shouts!
The orc moves out of view.
Found a short runed staff.
An orc comes into view. It is wielding a short sword.
The orc shouts! x2
The orc moves out of view.
Casting: Sandblast
Confirm with . or Enter, or press ? or * to list all spells.
Aiming: Sandblast
Press: ? - help, Shift-Dir - straight line, f - orc
Aim: an orc, wielding a trident and wearing a leather armour The blast of sand hits the orc.
The orc is heavily wounded.
b - 70 stones
Casting: Sandblast
Confirm with . or Enter, or press ? or * to list all spells.
Aiming: Sandblast
Press: ? - help, Shift-Dir - straight line, f/p - orc
Aim: an orc, wielding a trident and wearing a leather armour (heavily wounded)
The blast of sand misses the orc.
b - 69 stones The orc misses you.
An ice beast comes into view.
Casting: Sandblast
Confirm with . or Enter, or press ? or * to list all spells.
Aiming: Sandblast
Press: ? - help, Shift-Dir - straight line, f/p - orc
Aim: an orc, wielding a trident and wearing a leather armour (heavily wounded)
The blast of sand hits the orc.
The orc is almost dead.
b - 68 stones The orc completely misses you.
The crimson imp blinks!
The crimson imp lashes its tail.
Casting: Sandblast
Confirm with . or Enter, or press ? or * to list all spells.
Aiming: Sandblast
Press: ? - help, Shift-Dir - straight line, f - crimson imp, p - orc
Aim: a crimson imp The blast of sand misses the crimson imp.
b - 67 stones Are you sure you want to abandon this character and quit the game? (Confirm with "yes".)

#.# #|# #.# #####.#
.##.....## ....>....##
##.......######## ##########
#........oo.o5@.# #........#
♣..###.##.######.# #.#####§##
..♣ #.# #.# #.# #.# .... #.#
#.###.# #.# ♣P... #.# #.....#
#.# .PY.!.♣♣#.## ####### #Z#
.....#..♣..###############.##
.##.#$..♣..........).Z......#
........♣..........§..#######


You could see a crimson imp and 3 orcs.

Vanquished Creatures
  A hound (D:2)
  An orc wizard (D:5)
  A jelly (D:5)
  A hound zombie (D:5)
  An ooze (D:1)
  2 dart slugs
  A leopard gecko (D:2)
  An orc (D:5)
  4 goblins
  2 hobgoblins
  3 bats
  3 frilled lizards
  A kobold (D:3)
  A leopard gecko skeleton (D:4)
  3 rats (D:3)
26 creatures vanquished.

Vanquished Creatures (others)
  A plant (D:5)
1 creature vanquished.

Grand Total: 27 creatures vanquished

Notes
Turn   | Place    | Note
-------+----------+-------------------------------------------
     0 | D:1      | tidbits the Felid Earth Elementalist began the quest for the Orb.
     0 | D:1      | Reached XP level 1. HP: 7/7 MP: 4/4
    56 | D:1      | Reached skill level 3 in Stealth
    67 | D:1      | Reached skill level 1 in Unarmed Combat
    87 | D:1      | Reached XP level 2. HP: 8/11 MP: 0/6
   171 | D:2      | Found a burning altar of Makhleb.
   179 | D:2      | Reached skill level 4 in Stealth
   179 | D:2      | Reached skill level 2 in Unarmed Combat
   179 | D:2      | Reached XP level 3. HP: 12/14 MP: 0/7
   463 | D:4      | Noticed Edmund
   506 | D:5      | Entered Level 5 of the Dungeon
   548 | D:5      | Reached skill level 5 in Stealth
   548 | D:5      | Reached XP level 4. HP: 18/18 MP: 4/8
   579 | D:5      | Reached skill level 3 in Unarmed Combat
   651 | D:5      | HP: 1/18 [hound zombie (3)]
   680 | D:5      | Noticed an ice beast
   690 | D:5      | Quit the game

Skill      XL: |  1  2  3  4 |
---------------+-------------+-----
Stealth        | 3 4 5 |  5.5
Unarmed Combat | 1 2 3 |  3.1
Dodging        | |  2.6
Spellcasting   | |  2.0
Transmutations | |  1.1
Earth Magic    | |  2.6

Action                   |  1- 3 |  4- 6 || total
-------------------------+-------+-------++-------
Melee: Unarmed           |    12 |     8 ||    20
 Cast: Sandblast         |    23 |    18 ||    41
  Use: Potion            |     1 |     1 ||     2
 Stab: Sleeping          |     8 |       ||     8
  Eat: Chunk             |     3 |       ||     3
Armor: Skin              |     1 |       ||     1
Dodge: Dodged            |    11 |    16 ||    27

Table legend:
 A = Turns spent in this place as a percentage of turns spent in the entire game.
 B = Non-inter-level travel turns spent in this place as a percentage of non-inter-level travel turns spent in the entire game.
 C = Inter-level travel turns spent in this place as a percentage of turns spent in this place.
 D = Turns resting spent in this place as a percentage of non-inter-level travel turns spent in this place.
 E = Turns spent auto-exploring this place as a percentage of non-inter-level travel turns spent in this place.
 F = Non-inter-level travel turns spent in this place divided by the number of levels of this place that you've seen.
                   A       B       C       D       E      F
               +-------+-------+-------+-------+-------+----------------------
         Total | 100.0 | 100.0 |   5.8 |   0.0 |   0.0 | 130.0
       Dungeon | 100.0 | 100.0 |   5.8 |   0.0 |   0.0 | 130.0
               +-------+-------+-------+-------+-------+----------------------

Table legend:
 A = Kills in this place as a percentage of kills in entire the game.
 B = Kills by you in this place as a percentage of kills by you in the entire game.
 C = Kills by friends in this place as a percentage of kills by friends in the entire game.
 D = Other kills in this place as a percentage of other kills in the entire game.
 E = Experience gained in this place as a percentage of experience gained in the entire game.
 F = Experience gained in this place divided by the number of levels of this place that you have seen.
                   A       B       C       D       E      F
               +-------+-------+-------+-------+-------+----------------------
         Total | 100.0 | 100.0 |   N/A |   N/A | 100.0 |  38.0
       Dungeon | 100.0 | 100.0 |   N/A |   N/A | 100.0 |  38.0
               +-------+-------+-------+-------+-------+----------------------

Vault maps used:
D:1:      tarquinn_simple_flora_water_d
D:2:      makhleb_heckhound_becter, first_ration
D:3:      grunt_temple_overflow_gold_and_silver, uniq_ijyb
D:4:      minmay_temple_entry_glass, uniq_edmund, uniq_duvessa
D:5:      wad_woods_settlement, kennysheep_little_box, minmay_misc_feat_five
